 Dungeon Crawl Stone Soup version 0.29-a0-892-g2c4c91d9db (webtiles) character file.

Game seed: 4956271426934007769

4471 Essalna the Skirmisher (level 10, -13/63 HPs)
             Began as a Kobold Hunter on July 22, 2022.
             Was a Believer of Dithmenos.
             Mangled by an orc knight
             ... wielding a +0 broad axe
              (20 damage)
             ... in a bailey.
             The game lasted 00:16:39 (7093 turns).

Essalna the Skirmisher (Kobold Hunter)              Turns: 7093, Time: 00:16:40

Health: -13/63     AC:  9    Str: 10    XL:     10   Next: 64%
Magic:  10/10      EV: 20    Int: 10    God:    Dithmenos [**....]
Gold:   419        SH:  0    Dex: 22    Spells: 9/9 levels left

rFire   + . .      SeeInvis .   g - +9 rapier of the Fray {venom, rElec rPois Stlth+}
rCold   + + .      Faith    .   (no shield)
rNeg    . . .      Spirit   .   c - +0 leather armour
rPois   +          Reflect  .   (no helmet)
rElec   +          Harm     .   h - scarf {rC+ rF+}
rCorr   .          Rampage  .   C - +1 pair of gloves
Will    +....                   z - +2 pair of boots
Stlth   ++++++++..              o - amulet "Inlaerphe" {Acrobat rC+ Will+ Regen+}
HPRegen 1.00/turn               (no ring)
MPRegen 0.12/turn               (no ring)

@: wreathed by umbra
A: small, no large weapons, nightstalker 3
a: Renounce Religion, Shadow Step


You were in a bailey.
You worshipped Dithmenos.
Dithmenos was pleased with you.
You visited 1 branch of the dungeon, and saw 8 of its levels.
You also visited: Bailey.

You collected 419 gold pieces.

Inventory:

Hand Weapons
 a - a +1 shortbow
 e - a +0 rapier
 g - the +9 rapier of the Fray (weapon) {venom, rElec rPois Stlth+}
   (You found it on level 2 of the Dungeon)

   It poisons the flesh of those it strikes.
   rElec:     It insulates you from electricity.
   rPois:     It protects you from poison.
   Stlth:     It makes you more stealthy.
Missiles
 d - 8 curare-tipped darts
 y - 3 throwing nets
Armour
 c - a +0 leather armour (worn)
 h - a scarf of resistance (worn)
 z - a +2 pair of boots (worn)
 C - a +1 pair of gloves (worn)
Jewellery
 o - the amulet "Inlaerphe" (around neck) {Acrobat rC+ Will+ Regen+}
   (You acquired it on level 1 of the Dungeon)

   [amulet of the acrobat]

   It increases your evasion while moving and waiting.
   rC:        It protects you from cold.
   Regen:     It increases your rate of health regeneration.
   Will:      It increases your willpower.
Wands
 A - a wand of mindburst (13)
 G - a wand of flame (4)
 H - a wand of digging (2)
Scrolls
 b - 4 scrolls of immolation
 j - a scroll of enchant weapon
 k - a scroll of vulnerability
 l - 6 scrolls of identify
 r - 2 scrolls of teleportation
 v - 2 scrolls of amnesia
 w - a scroll of enchant armour
 F - 2 scrolls of fog
Potions
 f - a potion of flight
 i - 2 potions of lignification
 m - 6 potions of heal wounds {unknown}
 n - a potion of mutation {unknown}
 q - 2 potions of curing
 s - 3 potions of might {unknown}
 t - 2 potions of cancellation {unknown}
 u - 2 potions of haste
 B - a potion of degeneration {unknown}
 E - a potion of resistance


   Skills:
 + Level 7.1 Fighting
 + Level 7.7 Short Blades
 + Level 9.6 Ranged Weapons
 + Level 4.7 Armour
 + Level 7.7 Dodging
 + Level 8.7 Stealth


You had 9 spell levels left.
You didn't know any spells.
Your spell library contained the following spells:

 Spells                   Type           Power      Damage    Failure   Level
 Apportation              Tloc           0%         N/A       45%         1
 Necrotise                Necr           0%         1d4       45%         1
 Summon Small Mammal      Summ           0%         N/A       45%         1
 Call Canine Familiar     Summ           0%         N/A       83%         3
 Frozen Ramparts          Ice            0%         1d2       83%         3
 Ozocubu's Armour         Ice            0%         N/A       83%         3
 Portal Projectile        Hex/Tloc       0%         N/A       83%         3
 Ice Form                 Ice/Tmut       0%         N/A       99%         4
 Leda's Liquefaction      Hex/Erth       0%         N/A       99%         4
 Summon Ice Beast         Ice/Summ       0%         N/A       99%         4
 Alistair's Intoxication  Tmut/Pois      0%         N/A       100%        5
 Ozocubu's Refrigeration  Ice            0%         4d5       100%        7


Dungeon Overview and Level Annotations

Branches:
Dungeon (8/15)             Temple (0/1) D:7          Bailey (1/1)
   Lair: D:8-11

Altars:
Cheibriados
Dithmenos

Shops:
D:4 =

Portals:
Ossuary: D:8


Innate Abilities, Weirdness & Mutations

You are small and have problems with some larger weapons.
You are completely attuned to the shadows.


Message History

You are too injured to fight recklessly!
You are too injured to fight recklessly!
You are too injured to fight recklessly!
You hit the orc knight but do no damage.
The orc knight is moderately wounded.
You hit the orc knight.
The orc knight looks as sick as possible!
The orc knight is heavily wounded.
The orc knight hits you with a +0 broad axe!
You closely miss the orc knight.
The orc knight is heavily wounded.
The orc knight hits you with a +0 broad axe!!
* * * LOW HITPOINT WARNING * * *
You feel better. The orc knight barely misses you.
You hit the orc knight.
The orc knight looks as sick as possible!
The orc knight is heavily wounded.
The orc knight closely misses you.
You puncture the orc knight!
The orc knight looks as sick as possible!
The orc knight is severely wounded.
The orc knight barely misses you.
There is an open gate here.
The orc knight attacks as you move away!
The orc knight hits you with a +0 broad axe!!
* * * LOW HITPOINT WARNING * * *
You hit the orc knight.
The orc knight looks as sick as possible!
The orc knight is almost dead.
The orc knight completely misses you.
You closely miss the orc knight.
The orc knight is almost dead.
You hit the orc knight.
The orc knight looks as sick as possible!
The orc knight is almost dead.
The orc knight closely misses you.
You completely miss the orc knight.
The orc knight is almost dead.
The orc knight hits you with a +0 broad axe!!
You die...

.........
....)....
..oo.....
....o....
###...### ###'###
##..(..##
#...8...#
#∩.@..(∩#
##.o...##
####'''####
##≈.......≈##
#####≈≈.......≈≈#
#..).≈≈.......≈≈.
#.###≈≈.......≈≈##
#....≈≈.......≈≈..
#.###≈≈...(...≈≈##


You could see an orc knight (extremely poisoned).

Vanquished Creatures
  An orc knight (Bailey)
  Pikel (D:7)
  Prince Ribbit (D:7)
  An acid dragon (D:8)
  2 water moccasins
  6 orc warriors
  2 black bears (D:6)
  3 sky beasts
  4 ice beasts
  2 centaurs (D:7)
  2 ogres (D:4)
  2 phantoms
  5 kobold brigands
  A scorpion (D:4)
  A bullfrog (D:7)
  A necrophage (D:6)
  A gnoll sergeant (D:7)
  A howler monkey (D:8)
  A jelly (D:4)
  Crazy Yiuf (D:5)
  A hound (D:6)
  An orc priest (D:5)
  Natasha (thrice) (D:2)
  Terence (D:1)
  2 iguanas
  3 orc wizards
  13 gnolls
  3 adders
  A shadow imp (D:5)
  2 white imps
  2 ufetubi (D:5)
  A worm (D:3)
  4 dart slugs
  19 orcs
  5 endoplasms
  3 giant cockroaches
  9 goblins
  5 hobgoblins
  7 quokkas
  5 ball pythons
  3 bats
  2 frilled lizards (D:1)
  18 kobolds
  3 rats (D:1)
155 creatures vanquished.

Notes
Turn   | Place    | Note
-------+----------+-------------------------------------------
     0 | D:1      | Essalna the Kobold Hunter began the quest for the Orb.
     0 | D:1      | Reached XP level 1. HP: 12/12 MP: 1/1
   369 | D:1      | Reached XP level 2. HP: 18/18 MP: 2/2
   925 | D:2      | Noticed Terence
   934 | D:1      | Identified a scroll of acquirement
   934 | D:1      | Acquired the amulet "Inlaerphe" {Acrobat rC+ Will+ Regen+}
  1326 | D:2      | Reached skill level 1 in Short Blades
  1380 | D:2      | Identified the +9 rapier of the Fray {venom, rElec rPois
                  | Stlth+}
  1556 | D:2      | Reached XP level 3. HP: 22/22 MP: 3/3
  1677 | D:2      | Found a snail-covered altar of Cheibriados.
  1959 | D:2      | Noticed Natasha
  1966 | D:2      | Killed Natasha
  1967 | D:2      | Reached XP level 4. HP: 22/27 MP: 4/4
  2135 | D:2      | Noticed Natasha
  2141 | D:2      | Killed Natasha
  2161 | D:2      | Noticed Natasha
  2165 | D:2      | Killed Natasha
  2166 | D:2      | Reached XP level 5. HP: 17/32 MP: 5/5
  2389 | D:1      | Killed Terence
  2390 | D:1      | Reached skill level 6 in Ranged Weapons
  2390 | D:1      | Reached skill level 1 in Armour
  3200 | D:4      | Found Zekhli's Jewellery Boutique.
  3200 | D:4      | Noticed an ogre
  3205 | D:4      | Killed an ogre
  3206 | D:4      | Reached XP level 6. HP: 37/37 MP: 6/6
  3418 | D:4      | Noticed an ogre
  3422 | D:4      | Killed an ogre
  3423 | D:4      | Reached XP level 7. HP: 42/42 MP: 7/7
  3439 | D:4      | Identified the +1 great sword of the Foot {pain, rElec rN+}
  3747 | D:4      | Reached skill level 7 in Ranged Weapons
  3747 | D:4      | Reached skill level 5 in Stealth
  3747 | D:4      | Reached XP level 8. HP: 42/48 MP: 8/8
  3973 | D:4      | Found a shadowy altar of Dithmenos.
  3999 | D:4      | Became a worshipper of Dithmenos the Shadowed
  4135 | D:4      | Reached skill level 5 in Dodging
  4152 | D:5      | Entered Level 5 of the Dungeon
  4331 | D:5      | Reached skill level 5 in Short Blades
  4422 | D:5      | Found a runed translucent door.
  4425 | D:5      | Noticed Crazy Yiuf
  4434 | D:5      | Killed Crazy Yiuf
  4435 | D:5      | Reached skill level 5 in Fighting
  4629 | D:5      | Reached XP level 9. HP: 54/54 MP: 9/9
  5061 | D:6      | Reached * piety under Dithmenos
  5062 | D:6      | Reached skill level 8 in Ranged Weapons
  5877 | D:7      | Found a staircase to the Ecumenical Temple.
  6075 | D:7      | Noticed Prince Ribbit
  6079 | D:7      | Killed Prince Ribbit
  6318 | D:7      | Reached XP level 10. HP: 60/60 MP: 10/10
  6352 | D:7      | Noticed Pikel
  6365 | D:7      | Killed Pikel
  6366 | D:7      | Reached skill level 9 in Ranged Weapons
  6845 | D:8      | Reached ** piety under Dithmenos
  6847 | D:8      | Found a sand-covered staircase.
  6849 | D:8      | Found a flagged portal.
  6861 | Bailey   | Entered a bailey
  6972 | Bailey   | Noticed an orc knight
  6975 | Bailey   | Found an iron altar of Okawaru.
  6975 | Bailey   | Noticed an orc knight
  7013 | Bailey   | Killed an orc knight
  7089 | Bailey   | HP: 2/63 [orc knight/+0 broad axe (20)]
  7093 | Bailey   | Mangled by an orc knight

Illustrated notes

Levels and vault maps discovered:
D:1:      scummos_arrival_checkerplants, layout_basic
D:2:      layout_basic, basic_altar, dk_noncrumbling_2, uniq_terence,
          uniq_natasha
D:3:      layout_basic, interstate_on_off, kennysheep_nub
D:4:      layout_basic, grunt_dithmenos_smoke, serial_shops,
          nicolae_shop_advertising_works [nicolae_subvault_shop_adworks],
          minmay_vboxes
D:5:      layout_basic, uniq_crazy_yiuf_cottage
D:6:      layout_basic
D:7:      layout_basic, minmay_temple_entry_mist, uniq_prince_ribbit1,
          uniq_pikel
D:8:      layout_cave_pods, nicolae_ossuary_entry_monument, enter_bailey_3,
          ebering_ghost_inner_flame, grunt_ogre_cave, feat_on_display
Bailey:   bailey_axe_3, bailey

Skill      XL: |  1  2  3  4  5  6  7  8  9 10 |
---------------+-------------------------------+-----
Stealth        | 2 3 4 5 6 7 8 |  8.7
Short Blades   | 1 2 3 4 5 6 7 |  7.7
Dodging        | 3 4 5 6 7 |  7.7
Fighting       | 3 4 5 6 7 |  7.1
Ranged Weapons | 6 7 8 9 |  9.6
Armour         | 1 2 3 4 |  4.7

Action                   |  1- 3 |  4- 6 |  7- 9 | 10-12 || total
-------------------------+-------+-------+-------+-------++-------
Melee: Rapier            |    36 |    69 |   170 |    89 ||   364
       Punch             |       |     1 |     1 |     2 ||     4
 Fire: Shortbow          |     5 |       |       |       ||     5
  Use: Scroll            |     2 |       |       |    13 ||    15
       Potion            |       |       |       |     2 ||     2
 Stab: Sleeping          |    13 |    13 |    32 |     5 ||    63
       Distracted        |       |       |     1 |       ||     1
Armor: Leather armour    |     2 |     5 |    16 |    13 ||    36
Dodge: Dodged            |    14 |    41 |   123 |   140 ||   318

Table legend: (Time is in decaauts)
 A = Elapsed time spent in this place.
 B = Non-inter-level travel time spent in this place.
 C = Inter-level travel time spent in this place.
 D = Time resting spent in this place.
 E = Time spent auto-exploring this place.
 F = Levels seen in this place.
 G = Mean time per level.
                   A        B        C        D        E       F      G
               +--------+--------+--------+--------+--------+-----+--------+
         Total |   7083 |   6693 |    390 |      0 |   5560 |   9 |  787.0 |
       Dungeon |   6865 |   6475 |    390 |      0 |   5501 |   8 |  858.1 |
        Bailey |    217 |    217 |      0 |      0 |     59 |   1 |  217.0 |
               +--------+--------+--------+--------+--------+-----+--------+

Top non-repeatable levels by time:
     D:2: 1478 daAuts
     D:7: 1073 daAuts
     D:1: 1056 daAuts
     D:4: 985 daAuts
     D:5: 843 daAuts
     D:6: 712 daAuts
     D:3: 643 daAuts
  Bailey: 217 daAuts
     D:8: 72 daAuts
